 Seeded DCSS version 0.29.1-15-g9cfb28693d (webtiles) character file.

Game seed: 202304046969420 (custom seed)

27 Danienth the Trooper (level 2, -9/28 HPs)
             Began as a Minotaur Abyssal Knight on Apr 4, 2023.
             Was a Believer of Lugonu.
             Mangled by an ancient zyme (12 damage)
             ... on level 1 of the Abyss.
             The game lasted 00:03:11 (104 turns).

Danienth the Trooper (Minotaur Abyssal Knight)       Turns: 104, Time: 00:03:11

Health: -9/28      AC:  3    Str: 17    XL:     2   Next: 93%
Magic:  2/2        EV: 11    Int:  7    God:    Lugonu [**....]
Gold:   0          SH:  0    Dex: 10    Spells: 1/1 levels left

rFire   . . .      SeeInvis .   a - +1 falchion
rCold   . . .      Faith    .   (no shield)
rNeg    . . .      Spirit   .   b - +0 leather armour
rPois   .          Reflect  .   (helmet restricted)
rElec   .          Harm     .   (no cloak)
rCorr   .          Rampage  .   (no gloves)
Will    .....                   (no boots)
Stlth   +.........              (no amulet)
HPRegen 0.00/turn               (no ring)
MPRegen 0.08/turn               (no ring)

@: sick
A: horns 2, retaliatory headbutt
a: Renounce Religion, Depart the Abyss, Bend Space


You were on level 1 of the Abyss.
You worshipped Lugonu.
Lugonu was pleased with you.
You visited 0 branches of the dungeon, and saw 0 of its levels.
You visited the Abyss 1 time.

Inventory:

Hand Weapons
 a - a +1 falchion (weapon)
Armour
 b - a +0 leather armour (worn)


   Skills:
 + Level 4.5 Fighting
 + Level 2.7 Long Blades
 + Level 2.7 Armour
 + Level 1.1 Dodging
 + Level 2.0 Invocations


You had one spell level left.
You didn't know any spells.
Your spell library was empty.

Dungeon Overview and Level Annotations

Branches:
Dungeon (0/15)

Altars:


Innate Abilities, Weirdness & Mutations

You have a pair of horns on your head.
You reflexively headbutt those who attack you in melee.


Message History

You barely miss the iron imp.
The iron imp is heavily wounded.
The iron imp closely misses you.
You completely miss the iron imp. You headbutt the iron imp!
The iron imp is almost dead.
The iron imp closely misses you. You furiously retaliate!
You headbutt the iron imp.
You kill the iron imp!
Your Fighting skill increases to level 4!
Your Invocations skill increases to level 2!
You have reached level 2!
The substance of the Abyss twists violently, and a gateway leading out appears!
There is a gateway leading out of the Abyss here.
Found a gateway leading deeper into the Abyss.
An ancient zyme comes into view.
You feel yourself growing ill in the presence of the ancient zyme.
You feel ill.
You don't know any spells.
Your library has no spells.
Okay, then.
The ancient zyme hits you. The ancient zyme closely misses you.
You hit the ancient zyme.
The ancient zyme is lightly damaged.
The ancient zyme barely misses you.
The ancient zyme hits you but does no damage.
You barely miss the ancient zyme. You headbutt the ancient zyme.
The ancient zyme is lightly damaged.
The ancient zyme barely misses you. The ancient zyme misses you.
You feel ill. The ancient zyme barely misses you. The ancient zyme hits you!
You hit the ancient zyme but do no damage.
The ancient zyme is lightly damaged.
The ancient zyme hits you.
* * * LOW HITPOINT WARNING * * *
The ancient zyme closely misses you.
You hit the ancient zyme.
The ancient zyme is moderately damaged.
The ancient zyme hits you.
* * * LOW HITPOINT WARNING * * *
The ancient zyme hits you!
You die...

## # #. ###
#. # #
#..##.###.#.#
#.#........#
#.#.....#
####x@..#
#....#..#
#.#.#.##....
####. #.....
. ##.... ...
...# .... #.#
§##. #. § ..


You could see an ancient zyme.

Vanquished Creatures
  An iron imp (Abyss:1)
1 creature vanquished.

Notes
Turn   | Place    | Note
-------+----------+-------------------------------------------
     0 | Abyss:1  | Danienth the Minotaur Abyssal Knight began the quest for
                  | the Orb.
     0 | Abyss:1  | Reached XP level 1. HP: 19/19 MP: 1/1
    55 | Abyss:1  | Noticed an iron imp
    61 | Abyss:1  | Killed an iron imp
    62 | Abyss:1  | Reached skill level 4 in Fighting
    62 | Abyss:1  | Reached XP level 2. HP: 28/28 MP: 2/2
    95 | Abyss:1  | Noticed an ancient zyme
   104 | Abyss:1  | Mangled by an ancient zyme

Illustrated notes

Levels and vault maps discovered:
Abyss:1:  base: Temple, base:
Temple

Skill      XL: |  1 |
---------------+----+-----
Fighting       | 4 |  4.5
Invocations    | 2 |  2.0
Long Blades    | |  2.7
Armour         | |  2.7
Dodging        | |  1.1

Action                   || total
-------------------------++-------
Melee: Falchion          ||     7
       Headbutt          ||     3
Armor: Leather armour    ||     1
Dodge: Dodged            ||     9
